 Dungeon Crawl Stone Soup version 0.30-a0-989-g0d87f670db (webtiles) character file.

Game seed: 8930280920537332724

6 CorgiPerc the Ducker (level 1, -1/16 HPs)
             Began as a Demonspawn Gladiator on Apr 3, 2023.
             Slain by a quokka (3 damage)
             ... on level 1 of the Dungeon.
             The game lasted 00:00:23 (150 turns).

CorgiPerc the Ducker (Demonspawn Gladiator)          Turns: 150, Time: 00:00:23

Health: -1/16      AC:  4    Str: 14    XL:     1   Next: 75%
Magic:  1/1        EV: 12    Int:  9    God:
Gold:   30         SH:  0    Dex: 14    Spells: 0/0 levels left

rFire   . . .      SeeInvis .    a - +0 rapier
rCold   . . .      Faith    .    (no shield)
rNeg    . . .      Spirit   .    b - +0 leather armour
rPois   .          Reflect  .    c - +0 helmet
rElec   .          Rampage  .    (no cloak)
rCorr   .                        (no gloves)
Will    .....                    (no boots)
Stlth   +                        (no amulet)
HPRegen 0.22/turn                (no ring)
MPRegen 0.07/turn                (no ring)

@: no status effects
A: no striking features
a: no special abilities


You were on level 1 of the Dungeon.
You visited 1 branch of the dungeon, and saw 1 of its levels.

You collected 30 gold pieces.

Inventory:

Hand Weapons
 a - a +0 rapier (weapon)
Missiles
 d - 3 throwing nets (quivered)
 e - a javelin
Armour
 b - a +0 leather armour (worn)
 c - a +0 helmet (worn)
Scrolls
 f - 2 scrolls of identify {unknown}
Potions
 g - a potion of might {unknown}


   Skills:
 + Level 2.0 Fighting
 + Level 2.9 Short Blades
 + Level 1.7 Throwing
 + Level 2.9 Dodging


You couldn't memorise any spells.
You didn't know any spells.
Your spell library was empty.

Dungeon Overview and Level Annotations

Branches:
Dungeon (1/15)

Altars:


Message History

Found 12 gold pieces.
The dart slug completely misses you.
You hit the dart slug.
The dart slug is moderately wounded.
The dart slug launches a dart at you. The slug dart misses you.
The quokka bites you.
You hit the dart slug.
The dart slug is heavily wounded.
The kobold shouts!
The quokka bites you.
The dart slug bites you but does no damage.
You hit the dart slug.
The dart slug is severely wounded.
The quokka barely misses you.
You hit the dart slug.
You kill the dart slug!
The quokka barely misses you. The quokka bites you.
You closely miss the quokka.
A rat comes into view.
The quokka bites you.
* * * LOW HITPOINT WARNING * * *
You hit the quokka.
The quokka is heavily wounded.
The kobold hits you with a +0 dagger.
* * * LOW HITPOINT WARNING * * *
The quokka bites you.
* * * LOW HITPOINT WARNING * * *
The kobold attacks as you move away! The kobold misses you.
The quokka closely misses you.
The kobold throws a stone.
The stone hits you but does no damage.
A rat comes into view.
The quokka barely misses you.
The rat moves out of view.
You see here 9 gold pieces.
You closely miss the quokka.
The quokka is heavily wounded.
The quokka twitches its whiskers.
The quokka bites you but does no damage.
You miss the quokka. You punch the quokka.
The quokka is severely wounded.
The quokka bites you.
You die...

#.## ....... ###~
.........# #P~
........# #♣~
#...# ..# ## ...#
... # # ..# #.# #
##..###.# #.# #
.......@###.######
..#.###r.........#
#.###K###.####.#
#r..r.....# #.#
...###..##### #.#
$.... #># #......
#†# ...#...## #.#
##.###.## #.#


You could see a quokka, a kobold and a rat.

Vanquished Creatures
  A dart slug (D:1)
  A hobgoblin (D:1)
  A kobold (D:1)
  A frilled lizard (D:1)
4 creatures vanquished.

Notes
Turn   | Place    | Note
-------+----------+-------------------------------------------
     0 | D:1      | CorgiPerc the Demonspawn Gladiator began the quest for the
                  | Orb.
     0 | D:1      | Reached XP level 1. HP: 16/16 MP: 1/1
   150 | D:1      | Slain by a quokka

Illustrated notes

Levels and vault maps discovered:
D:1:      sevenhm_arrival_forest_fort_small_4, layout_loops_ring, serial_shops,
          nicolae_shop_trees, minmay_pentomino_v2

Action                     || total
---------------------------++-------
  Melee: Rapier            ||    23
         Punch             ||     1
 Armour: Leather armour    ||     8
  Dodge: Dodged            ||    15

Table legend: (Time is in decaauts)
 A = Elapsed time spent in this place.
 B = Non-inter-level travel time spent in this place.
 C = Inter-level travel time spent in this place.
 D = Time resting spent in this place.
 E = Time spent auto-exploring this place.
 F = Levels seen in this place.
 G = Mean time per level.
                   A        B        C        D        E       F      G
               +--------+--------+--------+--------+--------+-----+--------+
         Total |    154 |    154 |      0 |      0 |    102 |   1 |  154.0 |
       Dungeon |    154 |    154 |      0 |      0 |    102 |   1 |  154.0 |
               +--------+--------+--------+--------+--------+-----+--------+

Top non-repeatable levels by time:
     D:1: 154 daAuts
